Map: Dusk Towers

Players

Miszu

  • Race: Terran Terran
  • League: Master

MythiC - Winner!

  • Race: Terran Terran
  • League: Master

VOD

Have the link to the VOD?

Description

Time

  • Played on: March 30, 2016, 4:45 p.m.
  • Length: 12:22
Show
View Real Time Build Order
Export as new Build Order

Miszu Terran 

Build Orders: 1/1/1, Bio Tank 

Get SALT Encoding   

  12  0:00  SCV  
  13  0:13  SCV  
  14  0:17  Supply Depot  
  14  0:25  SCV  
  14  0:27  Refinery  
  15  0:39  SCV  
  16  0:45  Barracks  
  16  0:52  SCV  
  17  1:04  SCV  
  18  1:17  SCV  
  19  1:32  Orbital Command  
  19  1:34  Factory, Marine  
  19  1:38  Supply Depot  
  20  1:51  Marine  
  21  1:57  SCV  
  22  2:06  Supply Depot  
  22  2:09  Marine, SCV  
  24  2:17  Starport, Factory Tech Lab  
  24  2:18  Hellion  
  24  2:22  SCV  
  27  2:27  Marine  
  27  2:28  Supply Depot  
  28  2:34  SCV  
  29  2:40  Hellion  
  31  2:45  Marine  
  31  2:46  SCV  
  33  2:58  SCV  
  34  3:01  Hellion  
  35  3:10  Medivac  
  37  3:13  Marine, SCV  
  37  3:16  Command Center  
  39  3:23  Hellion  
  41  3:28  SCV  
  41  3:30  Refinery  
  41  3:32  Barracks Reactor  
  42  3:37  Supply Depot  
  42  3:40  SCV  
  43  3:46  Factory Tech Lab  
  43  3:52  SCV  
  44  3:56  Barracks  
  44  3:58  Barracks  
  44  4:04  SCV  
  41  4:22  SCV  
  40  4:31  Starport Reactor, Siege Tank  
  40  4:34  SCV  
  40  4:35  Orbital Command  
  44  4:39  Barracks Tech Lab  
  44  4:46  SCV  
  44  4:51  Barracks Tech Lab  
  45  4:57  Engineering Bay, Refinery  
  45  4:58  Stimpack, SCV  
  46  5:00  Marine  
  46  5:02  SCV  
  46  5:07  Reaper  
  49  5:10  Siege Tank  
  49  5:11  SCV  
  53  5:14  SCV  
  53  5:18  Supply Depot  
  53  5:20  Marine  
  55  5:23  SCV  
  55  5:26  SCV  
  54  5:29  Marine x2  
  54  5:30  Medivac  
  54  5:35  SCV  
  59  5:39  SCV  
  59  5:41  Marine x2  
  59  5:42  Siege Tank  
  59  5:47  Supply Depot, Marine, SCV  
  59  5:48  Marine  
  59  5:49  Supply Depot  
  62  5:51  SCV  
  63  5:58  Marine  
  63  5:59  Marine, SCV  
  63  6:01  Barracks  
  63  6:02  Barracks  
  63  6:03  SCV  
  67  6:05  Marine  
  67  6:06  Marine, Terran Infantry Weapons Level 1  
  67  6:10  Supply Depot  
  69  6:11  SCV  
  69  6:12  Supply Depot  
  69  6:16  Marine  
  69  6:17  Refinery  
  69  6:18  Medivac  
  73  6:22  Medivac  
  73  6:23  SCV  
  73  6:24  SCV  
  64  6:41  Marine  
  64  6:42  Marine x3  
  64  6:43  SCV  
  59  6:54  Viking  
  69  6:59  Marine  
  69  7:00  Marine  
  69  7:02  SCV  
  69  7:03  Viking  
  69  7:04  SCV  
  71  7:14  SCV  
  71  7:16  SCV  
  71  7:19  Combat Shields  
  71  7:20  Barracks Reactor  
  71  7:26  Barracks Reactor, SCV  
  71  7:28  SCV  
  72  7:36  Marine  
  74  7:38  SCV  
  74  7:39  Medivac x2  
  74  7:40  SCV  
  78  7:45  Siege Tank  
  78  7:50  SCV  
  82  7:52  SCV  
  83  8:03  SCV  
  83  8:04  Marine, SCV  
  86  8:06  Marine  
  86  8:07  Marine x6  
  93  8:15  Medivac, SCV  
  93  8:16  Medivac, SCV  
  99  8:22  Supply Depot  
  99  8:25  Siege Tank  
  102  8:27  SCV  
  102  8:36  Sensor Tower  
  102  8:37  Missile Turret x2  
  102  8:38  Supply Depot  
  101  8:56  Marine x3  
  101  8:57  Marine x4  
  108  9:12  Medivac x2, Siege Tank  
  108  9:14  Marine x4  
  108  9:15  Marine  
  122  9:22  Marine  
  122  9:23  Marine  
  122  9:30  Terran Infantry Armor Level 1, Command Center  
  122  9:38  Engineering Bay  
  122  9:41  Armory  
  121  9:47  Marine, Siege Tank  
  123  10:05  Marine  
  119  10:07  Marine  
  119  10:19  Marine  
  119  10:21  Marine  
  106  10:22  Marine  
  106  10:27  Marine  
  102  10:29  Marine x2  
  102  10:30  Marine x2  
  102  10:37  Marine  
  102  10:39  Marine x2  
  105  10:44  Marine, Medivac x2, Siege Tank  
  105  10:47  Marine x2, SCV, Orbital Command  
  105  10:48  Marine, SCV  
  118  11:03  Marine x4  
  118  11:04  Marine  
  122  11:06  SCV x2  
  118  11:14  Marine  
  118  11:18  Sensor Tower, SCV  
  120  11:24  Siege Tank  
  123  11:25  Marine  
  123  11:28  Marine  
  123  11:32  Marine x2  
  126  11:33  Marine  
  126  11:39  Marine  
  127  11:54  Marine x7  
  127  12:00  Marine  
Show
View Real Time Build Order
Export as new Build Order

MythiC Terran - Winner!

Build Orders: MMM Bio 

Get SALT Encoding   

  12  0:00  SCV  
  13  0:13  SCV  
  14  0:18  Supply Depot  
  14  0:25  SCV  
  15  0:39  SCV  
  15  0:41  Barracks  
  16  0:44  Refinery  
  16  0:51  SCV  
  17  1:00  Barracks  
  17  1:03  SCV  
  18  1:15  SCV  
  19  1:28  Orbital Command  
  19  1:30  Reaper  
  20  1:33  Supply Depot  
  20  1:37  Refinery  
  20  1:48  Reaper  
  20  1:54  SCV  
  22  2:05  Reaper  
  22  2:06  SCV  
  24  2:18  SCV  
  25  2:27  Barracks Tech Lab  
  25  2:30  SCV  
  25  2:35  Factory  
  26  2:37  Barracks Reactor  
  26  2:42  SCV  
  26  2:52  Marine  
  26  2:54  SCV  
  26  2:55  Command Center  
  28  3:06  SCV  
  27  3:14  Marine x2  
  27  3:15  Marauder  
  27  3:16  Stimpack  
  31  3:23  Supply Depot  
  31  3:29  SCV  
  31  3:30  Factory Reactor  
  31  3:33  Starport  
  31  3:34  Marine  
  33  3:41  SCV  
  33  3:48  Marine x2  
  35  3:53  Marine, SCV  
  38  4:05  SCV  
  38  4:06  Marine x2  
  41  4:12  SCV  
  41  4:13  Factory Tech Lab  
  41  4:17  SCV  
  42  4:24  Marine  
  42  4:30  SCV  
  44  4:31  Orbital Command  
  43  4:39  Marine x2  
  43  4:40  Medivac x2  
  43  4:42  SCV  
  49  4:48  Supply Depot  
  52  4:52  Marine, Cyclone  
  52  4:54  SCV  
  52  4:59  SCV  
  55  5:00  Supply Depot, Liberator  
  55  5:02  Marine  
  55  5:04  Marine  
  55  5:06  SCV  
  58  5:11  SCV  
  58  5:12  Marine  
  60  5:19  SCV  
  60  5:20  Marine  
  65  5:23  SCV  
  66  5:31  SCV  
  68  5:35  SCV  
  68  5:38  Marine  
  68  5:39  Marine x2, Siege Tank  
  68  5:41  Viking  
  74  5:43  SCV  
  74  5:47  SCV  
  76  5:53  Refinery x2  
  76  5:54  Supply Depot  
  76  5:55  SCV  
  77  5:57  Supply Depot  
  77  5:59  SCV  
  78  6:09  Combat Shields  
  78  6:10  Command Center  
  78  6:16  Marine x3, SCV  
  78  6:17  Supply Depot  
  82  6:21  SCV  
  82  6:23  Engineering Bay  
  78  6:37  Marine x2  
  74  6:41  Marine  
  74  6:42  Siege Tank  
  74  6:44  Medivac  
  80  6:47  SCV  
  80  6:48  SCV  
  80  6:50  Terran Infantry Weapons Level 1  
  82  6:59  Barracks x2  
  82  7:00  Marine x2, SCV x2  
  82  7:01  Marine  
  86  7:02  Medivac  
  89  7:08  Supply Depot  
  89  7:12  SCV x2  
  85  7:17  Marine, Siege Tank  
  85  7:18  Marine  
  85  7:19  Marine, Medivac  
  93  7:23  Orbital Command  
  93  7:35  Marine  
  93  7:36  Marine x2, Barracks  
  95  7:37  SCV  
  95  7:38  SCV  
  98  7:49  SCV  
  98  7:50  SCV  
  99  7:51  Siege Tank  
  99  7:53  Barracks Reactor, Marine  
  99  7:54  Marine x2  
  99  7:57  Barracks Reactor  
  103  7:59  Medivac  
  103  8:00  Medivac  
  108  8:06  Supply Depot  
  108  8:08  Missile Turret  
  108  8:09  Missile Turret, Orbital Command  
  108  8:11  Marine  
  108  8:12  Marine x2, SCV  
  111  8:13  SCV  
  112  8:23  Siege Tank  
  115  8:27  Barracks Reactor, Refinery  
  115  8:29  Marine, SCV  
  115  8:30  Marine x4, SCV  
  122  8:37  Marine x2  
  128  8:47  Marine  
  128  8:48  Marine x4  
  130  8:50  Viking x2  
  133  9:00  Factory  
  133  9:02  Terran Infantry Armor Level 1  
  133  9:05  Marine x5, SCV x2  
  133  9:06  SCV  
  133  9:08  Armory  
  133  9:09  Engineering Bay  
  141  9:29  Supply Depot  
  141  9:31  Supply Depot  
  141  9:34  Marine  
  141  9:44  Factory Tech Lab  
  141  9:46  Marine  
  141  9:50  Marine x7, SCV  
  141  9:52  Supply Depot, Marine  
  149  9:53  Supply Depot, Barracks, Siege Tank, SCV  
  149  9:54  Barracks  
  146  10:00  Viking x2  
  146  10:04  Marine  
  148  10:13  Supply Depot  
  148  10:14  Marine x8  
  155  10:21  Siege Tank  
  155  10:22  Marine  
  155  10:26  Orbital Command  
  146  10:32  Marine x4  
  148  10:35  Marine x2  
  148  10:37  Barracks Reactor  
  148  10:39  Marine  
  148  10:40  Marine x2  
  148  10:41  Marine  
  154  10:46  Viking x2  
  158  10:56  Marine x3  
  158  10:57  Marine x3  
  161  11:03  Refinery  
  164  11:07  Supply Depot  
  164  11:08  Marine  
  164  11:09  Barracks Reactor, Marine, Siege Tank  
  169  11:17  Marine  
  170  11:24  Marine x2  
  172  11:29  Barracks Reactor  
  172  11:31  Viking x2  
  176  11:36  Marine  
  176  11:37  Marine x2  
  179  11:40  Marine x2  
  179  11:42  Marine  
  179  11:43  Marine  
  180  11:52  Marine  
Tags
 
Composition
Bio TankMMM Bio
Matchup
TvT
Opening
1/1/1
Race
Terran
Add a new tag
Caveats
  • Supply blocks, unpowered buildings, or Contaminate may cause inaccurate times.
  • Supply counts are checked every 10 seconds.